 Dungeon Crawl Stone Soup version 0.28-a0-1234-g826d19b2e0 (webtiles) character file.

Game seed: 1605113725573869416

641 Trumph21 the Skirmisher (level 7, 0/55 HPs)
             Began as a Demonspawn Berserker on Dec 24, 2021.
             Was a Priest of Trog.
             Slain by Pikel (8 damage)
             ... on level 5 of the Dungeon.
             The game lasted 00:14:53 (5262 turns).

Trumph21 the Skirmisher (Demonspawn Berserker)      Turns: 5262, Time: 00:14:55

Health: 0/55       AC: 18    Str: 19    XL:     7   Next: 26%
Magic:  7/7        EV:  7    Int:  8    God:    Trog [***...]
Gold:   196        SH:  0    Dex: 13    Spells: 6/6 levels left

rFire   . . .      SeeInvis .   a - +1 hand axe
rCold   + . .      Faith    .   (no shield)
rNeg    . . .      Spirit   .   s - +2 plate armour
rPois   .          Reflect  .   y - +0 helmet
rElec   .          Harm     .   t - +1 cloak
rCorr   +          Rampage  .   r - +0 pair of gloves
Will    .....                   (no boots)
Stlth   ..........              (no amulet)
HPRegen 0.18/turn               e - ring of resist corrosion
MPRegen 0.10/turn               l - ring of protection from cold

@: on berserk cooldown, slowed, very slow
A: hooves 1, demonic magic 1, demonic touch 1
a: Renounce Religion, Berserk, Trog's Hand


You were on level 5 of the Dungeon.
You worshipped Trog.
Trog was most pleased with you.
You visited 1 branch of the dungeon, and saw 5 of its levels.

You collected 196 gold pieces.

Inventory:

Hand Weapons
 a - a +1 hand axe (weapon)
Armour
 b - a +0 animal skin
 i - a +0 ring mail
 m - a +0 pair of boots
 r - a +0 pair of gloves (worn)
 s - a +2 plate armour (worn)
 t - a +1 cloak (worn)
 y - a +0 helmet (worn)
Jewellery
 e - a ring of resist corrosion (left hand)
 k - a ring of see invisible
 l - a ring of protection from cold (right hand)
Scrolls
 h - 3 scrolls of magic mapping
 q - a scroll of fear {unknown}
 u - 3 scrolls of enchant weapon
 w - a scroll of teleportation
 x - a scroll of identify
Potions
 c - 2 potions of flight
 d - 2 potions of mutation {unknown}
 f - a potion of magic {unknown}
 g - a potion of attraction {unknown}
 j - 4 potions of curing {unknown}
 n - a potion of resistance {unknown}
 o - a potion of might {unknown}
 p - 5 potions of degeneration
 v - 2 potions of brilliance {unknown}


   Skills:
 + Level 4.9 Fighting
 + Level 4.4 Axes
 + Level 4.0 Armour
 + Level 4.0 Dodging


You had 6 spell levels left.
You didn't know any spells.
Your spell library was empty.

Dungeon Overview and Level Annotations

Branches:
Dungeon (5/15)             Temple (0/1) D:4

Altars:

Annotations:
D:5 Pikel


Innate Abilities, Weirdness & Mutations

You have large cloven feet.
Spells you cast may paralyse adjacent enemies.
Your touch may inflict minor irresistible damage on your foes.


Message History

Pikel hits you with a +2 whip of freezing.
Pikel freezes you.
A lemure comes into view.
You closely miss Pikel.
You touch Pikel.
Pikel is lightly wounded.
You hit the ufetubus.
The ufetubus hits you but does no damage.
The ufetubus barely misses you. Pikel hits you but does no damage.
The ufetubus hits you but does no damage.
The ufetubus barely misses you. Pikel hits you but does no damage.
You hit Pikel. You kick Pikel, but do no damage.
You touch Pikel.
Pikel is moderately wounded.
You barely miss the ufetubus. The ufetubus barely misses you. x2
Pikel barely misses you.
The ufetubus hits you but does no damage. x2
Pikel hits you with a +2 whip of freezing!
Pikel freezes you.
A howler monkey zombie comes into view.
The ufetubus hits you but does no damage. x2
The ufetubus closely misses you. The ufetubus barely misses you.
Pikel barely misses you.
Pikel hits you with a +2 whip of freezing.
You see here a water moccasin corpse.
The lemure hits you but does no damage. Pikel hits you but does no damage.
Pikel hits you with a +2 whip of freezing!
* * * LOW HITPOINT WARNING * * *
Pikel freezes you.
* * * LOW HITPOINT WARNING * * *
You see here an adder corpse.
Pikel barely misses you.
The ufetubus hits you but does no damage.
The ufetubus barely misses you. The lemure hits you but does no damage.
The ufetubus closely misses you.
The ufetubus hits you but does no damage.
Pikel completely misses you.
The ufetubus hits you but does no damage.
The ufetubus closely misses you. The lemure hits you.
* * * LOW HITPOINT WARNING * * *
Pikel hits you with a +2 whip of freezing!
You die...

# #. . ######
.#[# #....#
#.....
#....##.#.#.#.#
#..............
#<@K5..#.#.#.#
#.555†.......
#..5Z.#.#.#.#.#
#.....†........
#.##.#.#.#.#.#.
####(......
#..#.#.#.#
#..........
....#.#.#.#.


You could see Pikel (berserk), 4 lemures, an ufetubus and a howler monkey
zombie.

Vanquished Creatures
  Sigmund (D:4)
  A water moccasin (D:5)
  2 howler monkeys (D:5)
  2 iguanas (D:4)
  Crazy Yiuf (D:2)
  Robin (D:4)
  10 adders
  3 worms
  2 dart slugs
  7 orcs
  7 endoplasms
  6 giant cockroaches
  12 goblins (D:4)
  8 hobgoblins
  9 jackals
  3 quokkas
  8 ball pythons
  2 bats (D:2)
  3 frilled lizards
  10 kobolds
  5 rats
103 creatures vanquished.

Notes
Turn   | Place    | Note
-------+----------+-------------------------------------------
     0 | D:1      | Trumph21 the Demonspawn Berserker began the quest for the
                  | Orb.
     0 | D:1      | Reached XP level 1. HP: 18/18 MP: 1/1
   567 | D:1      | Discovered your monstrous ancestry.
   567 | D:1      | Gained mutation: Your touch may inflict minor irresistible
                  | damage on your foes. [demonic ancestry]
   567 | D:1      | Reached XP level 2. HP: 17/24 MP: 2/2
  1343 | D:2      | Gained mutation: You have large cloven feet. [demonic
                  | ancestry]
  1343 | D:2      | Reached XP level 3. HP: 28/29 MP: 3/3
  2071 | D:2      | Reached XP level 4. HP: 35/35 MP: 4/4
  2502 | D:2      | Found a runed translucent door.
  2503 | D:2      | Noticed Crazy Yiuf
  2613 | D:2      | Killed Crazy Yiuf
  3116 | D:3      | Reached ** piety under Trog
  3256 | D:3      | Reached XP level 5. HP: 42/42 MP: 5/5
  4192 | D:4      | Found a staircase to the Ecumenical Temple.
  4193 | D:4      | Noticed Sigmund
  4215 | D:4      | Killed Sigmund
  4216 | D:4      | Gained mutation: Spells you cast may paralyse adjacent
                  | enemies. [demonic ancestry]
  4216 | D:4      | Reached XP level 6. HP: 25/49 MP: 6/6
  4627 | D:4      | Reached *** piety under Trog
  4641 | D:4      | Noticed Robin
  4647 | D:4      | Killed Robin
  5228 | D:5      | Entered Level 5 of the Dungeon
  5244 | D:5      | Noticed a water moccasin
  5247 | D:5      | Reached XP level 7. HP: 55/55 MP: 7/7
  5253 | D:5      | Noticed Pikel
  5262 | D:5      | Slain by Pikel

Illustrated notes

Levels and vault maps discovered:
D:1:      dpeg_arrival_castle, layout_loops_ring
D:2:      layout_basic, uniq_crazy_yiuf_cottage
D:3:      layout_loops_ring
D:4:      kennysheep_goblin_castle, layout_rooms,
          minmay_temple_entry_sparse_star, uniq_sigmund
D:5:      layout_rooms, mainiacjoe_overflow_alcove_4, hex_large, uniq_pikel

Skill      XL: |  1  2  3  4  5  6  7 |
---------------+----------------------+-----
Armour         | 2 3 4 |  4.0
Dodging        | 2 3 4 |  4.0
Axes           | 3 4 |  4.4
Fighting       | 4 |  4.9

Action                   |  1- 3 |  4- 6 |  7- 9 || total
-------------------------+-------+-------+-------++-------
Melee: Hand axe          |   113 |   178 |     8 ||   299
       Touch             |     7 |    32 |     3 ||    42
       Kick              |       |     4 |     2 ||     6
Invok: Berserk           |     3 |     4 |       ||     7
  Use: Scroll            |       |     9 |       ||     9
Armor: Animal skin       |     7 |       |       ||     7
       Ring mail         |    34 |    52 |       ||    86
       Plate armour      |       |    43 |    19 ||    62
Dodge: Dodged            |    67 |    85 |    14 ||   166

Table legend: (Time is in decaauts)
 A = Elapsed time spent in this place.
 B = Non-inter-level travel time spent in this place.
 C = Inter-level travel time spent in this place.
 D = Time resting spent in this place.
 E = Time spent auto-exploring this place.
 F = Levels seen in this place.
 G = Mean time per level.
                   A        B        C        D        E       F      G
               +--------+--------+--------+--------+--------+-----+--------+
         Total |   5371 |   5108 |    263 |   1556 |   1934 |   5 | 1074.2 |
       Dungeon |   5371 |   5108 |    263 |   1556 |   1934 |   5 | 1074.2 |
               +--------+--------+--------+--------+--------+-----+--------+

Top non-repeatable levels by time:
     D:2: 1802 daAuts
     D:1: 1315 daAuts
     D:4: 1293 daAuts
     D:3: 926 daAuts
     D:5: 34 daAuts
